 Dungeon Crawl Stone Soup version 0.25-a0-834-g55863b0b92 (webtiles) character file.

Game seed: 10508246153106930636, levelgen mode: deterministic

349866 MirrMurr the Slayer (level 20, -5/180 HPs)
             Began as a Demonspawn Berserker on Apr 21, 2020.
             Was a High Priest of Trog.
             Slain by Mennas
             ... wielding a +3 trishula of holy wrath
              (22 damage)
             ... on level 4 of the Vaults on Apr 23, 2020.
             The game lasted 02:20:41 (49717 turns).

MirrMurr the Slayer (Demonspawn Berserker)         Turns: 49717, Time: 02:20:42

Health: -5/180     AC: 32    Str: 26    XL:     20   Next: 90%
Magic:  20/20      EV: 29    Int:  7    God:    Trog [*****.]
Gold:   3032       SH:  0    Dex: 14    Spells: 19/19 levels left

rFire    + + +     SeeInvis +   a - +7 demon trident (elec)
rCold    + . .     Gourm    .   x - +10 tower shield of Ignorance {rN+ Int-4}
rNeg     + + +     Faith    .   C - +2 plate armour {rF+}
rPois    +         Spirit   .   (helmet unavailable)
rElec    +         Reflect  .   J - scarf {rC+ rF+}
rCorr    +         Harm     .   g - +2 pair of gloves
MR       +....                  k - +2 pair of boots
Stlth    ..........             A - amulet "Ehilur" {Acrobat rElec rPois rN+ Str+3}
HPRegen  0.40/turn              U - ring of resist corrosion
MPRegen  0.17/turn              F - ring of positive energy

@: confused, marked, acrobat, glowing, silenced
A: antennae 3, iridescent scales 3, fire resistance 1, foul stench 2, spiny 3,
rot immunity, flame cloud immunity
}: 3/15 runes: barnacled, abyssal, gossamer
a: Renounce Religion


You were on level 4 of the Vaults.
You worshipped Trog.
Trog was extremely pleased with you.
You were hungry.

You visited 7 branches of the dungeon, and saw 36 of its levels.
You visited the Abyss 1 time.
You visited 1 bazaar.
You also visited: Ice Cave.

You collected 5565 gold pieces.
You spent 2533 gold pieces at shops.

Inventory:

Hand Weapons
 a - a +7 demon trident of electrocution (weapon)
 b - the +9 hunting sling "Kalo" {flame, rN+ Dex+5}
   (You bought it in a shop on level 10 of the Dungeon)

   It causes projectiles fired from it to burn those they strike, causing extra
   injury to most foes and up to half again as much damage against particularly
   susceptible opponents.
   It affects your dexterity (+5).
   It protects you from negative energy.
 w - a +3 vampiric demon trident
 O - a +9 demon trident of protection
Missiles
 f - 1112 stones
 j - 416 sling bullets
 v - 16 curare-tipped darts
 y - 107 poisoned darts
 Q - 5 throwing nets
 S - 26 silver javelins (quivered)
Armour
 g - a +2 pair of gloves (worn)
 k - a +2 pair of boots (worn)
 x - the +10 tower shield of Ignorance (worn) {rN+ Int-4}
   (You found it on level 7 of the Dungeon)

   It affects your intelligence (-4).
   It protects you from negative energy.
 C - a +2 plate armour of fire resistance (worn)
 J - a scarf of resistance (worn)
Jewellery
 l - an uncursed ring of ice
 A - the amulet "Ehilur" (around neck) {Acrobat rElec rPois rN+ Str+3}
   (You bought it in a shop on level 2 of the Orcish Mines)

   [amulet of the acrobat]

   It helps you evade while moving and waiting.
   It affects your strength (+3).
   It insulates you from electricity.
   It protects you from poison.
   It protects you from negative energy.
 F - a ring of positive energy (right hand)
 H - an uncursed amulet of guardian spirit
 U - a ring of resist corrosion (left hand)
Wands
 s - a wand of digging (5)
 t - a wand of paralysis (15)
 D - a wand of iceblast (36)
 G - a wand of clouds (20)
 K - a wand of acid (26)
Scrolls
 i - 4 scrolls of identify
 o - 2 scrolls of blinking
 p - 7 scrolls of fog
 r - 22 scrolls of remove curse
 u - 4 scrolls of fear
 z - 8 scrolls of enchant armour
 B - a scroll of summoning
 E - a scroll of magic mapping
 L - a scroll of silence
 M - 6 scrolls of teleportation
 N - 4 scrolls of immolation
Potions
 d - 3 potions of resistance
 e - 2 potions of invisibility
 h - 5 potions of flight
 m - a potion of heal wounds
 n - 11 potions of curing
 q - 14 potions of stabbing
 I - 4 potions of might
 P - 3 potions of mutation
 T - 2 potions of cancellation
 V - 3 potions of haste
 W - 3 potions of ambrosia
Miscellaneous
 X - a phantom mirror
Comestibles
 c - 50 rations


   Skills:
 * Level 21.3 Fighting
 - Level 14.0 Polearms
 + Level 14.7 Armour
 + Level 14.6 Dodging
 + Level 16.2 Shields


You had 19 spell levels left.
You didn't know any spells.
Your spell library was empty.

Dungeon Overview and Level Annotations

Branches:
Dungeon (15/15)            Temple (1/1) D:6            Lair (6/6) D:11
 Shoals (4/4) Lair:4       Spider (4/4) Lair:3        Slime (0/5) Lair:6
    Orc (2/2) D:9             Elf (0/3) Orc:2        Vaults (4/5) D:13
  Crypt (0/3) Vaults:2     Depths (0/5) D:15          IceCv (visited)

Altars:
Cheibriados
Dithmenos
Elyvilon
Fedhas
Gozag
Hepliaklqana
Kikubaaqudgha
Nemelex Xobeh
Qazlal
Trog
Uskayaw
Wu Jian
Xom
Yredelemnul
Zin
The Shining One
Jiyva

Shops:
D:4 *   D:6 }   D:8 (   D:10 (*   Orc:2 :(=::   Vaults:1 :(   Vaults:2 [
Vaults:4 (

Portals:
Trove: Vaults:3 (give helmet of Prudence)

Annotations:
D:7 1 runed translucent door, exclusion: orange crystal statue
Vaults:4 Mennas


Innate Abilities, Weirdness & Mutations

You have a pair of large antennae on your head. (SInv)
You are completely covered in iridescent scales. (AC +6)
Your flesh is heat resistant. (rF+)
You frequently emit foul miasma when damaged in melee.
You are completely covered in sharp spines.
You are immune to rotting.
You are immune to clouds of flame.


Message History

You bump into the crystal wall.
Mennas closely misses you.
Mennas hits you from afar with a +3 trishula of holy wrath.
You convulse.
* * * LOW HITPOINT WARNING * * *
You bump into the crystal wall.
Mennas hits you but does no damage.
Mennas hits you from afar with a +3 trishula of holy wrath.
* * * LOW HITPOINT WARNING * * *
You convulse.
* * * LOW HITPOINT WARNING * * *
Unknown command.
Mennas hits you with a +3 trishula of holy wrath!
* * * LOW HITPOINT WARNING * * *
You convulse!
* * * LOW HITPOINT WARNING * * *
You emit a cloud of foul miasma!
Mennas completely misses you.
The vault sentinel hits you with a +0 long sword!
* * * LOW HITPOINT WARNING * * *
You emit a cloud of foul miasma!
Mennas hits you with a +3 trishula of holy wrath!!
You die...

#+##+##### { #........# {{
#........#######+## ##
#........#........#...
######........#.?......+..
.....#........#........#..
.....#........#........#.
.....'........#.@......#
######....)(.)(Ap......# #
#....))))#####+####+#
#.....(((# #.....=..#
#######'####∩.......#
#.....))..##...<....#
#....)))..##........#{
#.........##........+
#.........##........+


You could see Mennas and a vault sentinel.

Vanquished Creatures
  Sojobo (Vaults:3)
  3 profane servitors (Abyss:2)
  A hellephant (Abyss:2)
  Jorgrun (Orc:1)
  Rupert (Lair:4)
  Asterion (Spider:4)
  A tentacled monstrosity (Abyss:3)
  2 krakens
  Gastronok (D:9)
  Polyphemus (Shoals:2)
  A sphinx (Vaults:4)
  5 tentacled starspawn
  2 tengu reavers (Vaults:3)
  A fire giant (D:15)
  5 ghost moths
  9 emperor scorpions
  An orc warlord (D:9)
  A frost giant (IceCv)
  A deep elf sorcerer (Vaults:1)
  8 vault wardens
  A deep elf elementalist (Abyss:2)
  2 stone giants
  3 very ugly things (Abyss:3)
  2 ophanim (Abyss:2)
  9 ironheart preservers
  Azrael (D:12)
  5 entropy weavers
  A lorocyproca (Abyss:2)
  A deep elf demonologist (Vaults:2)
  A spark wasp (Spider:3)
  A deep elf annihilator (Vaults:1)
  8 merfolk javelineers
  A deep elf death mage (Vaults:2)
  Snorg (Orc:2)
  6 merfolk impalers
  A green death (Abyss:2)
  An eidolon (Vaults:2)
  A fire dragon (Vaults:2)
  4 yaktaur captains
  Fannar (Lair:1)
  6 ogre magi
  Erolcha (D:10)
  4 rakshasas
  14 vault guards
  An ice dragon (Vaults:2)
  7 hydras
  9 centaur warriors
  Erica (D:10)
  A catoblepas (Shoals:1)
  6 merfolk aquamancers
  A two-headed ogre (shapeshifter) (D:10)
  2 satyrs
  A death knight (D:12)
  3 merfolk avatars
  2 deep troll earth magi
  3 deep troll shamans
  16 two-headed ogres
  2 orc high priests (Orc:2)
  7 death yaks
  A vampire mage (Abyss:3)
  A thrashing horror (Abyss:3)
  3 hell hogs (Abyss:2)
  Urug (D:11)
  3 deep elf knights
  A sun demon (Abyss:3)
  7 wretched stars
  A shadow wraith (Vaults:1)
  Sonja (D:12)
  7 deep trolls
  16 sea snakes
  3 spatial maelstroms
  6 unseen horrors
  12 skeletal warriors
  3 sixfirhies
  A glowing orange brain (Abyss:2)
  3 wizards
  6 deep elf archers
  2 phantasmal warriors (Vaults:2)
  3 lindwurms
  14 orc knights
  5 ironbrand convokers
  A harpy (shapeshifter) (Vaults:1)
  20 harpies
  A necromancer (Vaults:2)
  27 wolf spiders
  2 frost giant zombies (Vaults:2)
  13 orb spiders
  7 manticores
  26 ugly things
  5 orc sorcerers
  9 fauns
  11 deep elf magi
  An oklob plant (Shoals:3)
  10 cyclopes
  A sphinx skeleton (Vaults:2)
  A worldbinder (Abyss:2)
  3 moths of wrath
  8 merfolk sirens
  3 elephants
  An ice statue (IceCv)
  4 black mambas (Lair:3)
  Maurice (Orc:1)
  6 water nymphs
  3 centaur zombies
  6 vault sentinels
  3 centaur skeletons
  3 torpor snails
  10 spiny frogs
  3 rime drakes
  Maggie (D:7)
  8 komodo dragons
  2 efreet
  18 yaktaurs
  2 red devils (Abyss:3)
  An anaconda simulacrum (Abyss:3)
  9 freezing wraiths
  A kobold demonologist (D:15)
  A tengu conjurer (D:13)
  8 demonic crawlers
  11 trolls
  38 jumping spiders
  5 meliai
  7 ancient zymes (Abyss:2)
  27 merfolk
  A tengu simulacrum (Vaults:1)
  23 slime creatures
  17 polar bears
  Grinder (D:5)
  A wind drake (shapeshifter) (Vaults:2)
  7 hornets
  10 wind drakes
  11 raiju (Abyss:2)
  9 snapping turtles
  9 large abominations
  12 dream sheep
  13 hippogriffs
  22 blink frogs
  A meliai zombie (D:13)
  76 redbacks
  2 shadows
  27 tarantellas
  15 water elementals
  3 wraiths
  3 hogs (D:7)
  A spriggan (shapeshifter) (Vaults:2)
  8 wyverns
  3 ynoxinuls
  30 yaks
  Grum (D:9)
  A human (D:7)
  2 basilisks
  3 hungry ghosts
  5 fire elementals (D:12)
  A neqoxec (Abyss:2)
  A vampire mosquito (D:13)
  5 chaos spawn
  Menkaure (D:4)
  2 acid dragons
  A naga (shapeshifter) (Vaults:1)
  7 wargs
  5 hell hounds
  20 water moccasins
  10 porcupines
  A sky beast (D:5)
  42 orc warriors
  4 black bears
  A swamp drake (shapeshifter) (D:15)
  An eye of draining (D:9)
  A sky beast (shapeshifter) (Vaults:4)
  11 small abominations
  2 ice beasts
  2 necrophages
  25 ogres
  7 boggarts (Vaults:2)
  16 centaurs
  2 phantoms
  17 wolves
  2 big kobolds
  12 crocodiles
  Blork the orc (D:4)
  17 bullfrogs
  2 wyvern zombies (D:13)
  A wyvern skeleton (D:12)
  5 scorpions
  A water moccasin skeleton (D:10)
  15 killer bees
  4 howler monkeys
  3 electric eels
  6 crimson imps
  A bullfrog zombie (D:7)
  A jelly (D:12)
  A gnoll shaman (D:6)
  33 orc priests
  A quasit (Abyss:2)
  4 hounds
  An iron imp (Abyss:2)
  Jessica (D:2)
  2 iguanas
  33 orc wizards
  10 worker ants
  2 hound skeletons
  A worker ant zombie (D:11)
  12 gnolls
  23 adders
  4 shadow imps
  2 white imps (Abyss:2)
  3 ufetubi
  An adder skeleton (D:5)
  2 worms
  7 leopard geckos
  121 orcs
  3 ball pythons
  6 bats
  3 giant cockroaches
  9 goblins
  4 hobgoblins
  7 jackals
  17 kobolds
  A quokka (D:4)
  7 frilled lizards
  A giant cockroach zombie (D:6)
  A jackal skeleton (D:4)
  A quokka skeleton (D:8)
  6 rats
  2 plants (Shoals:4)
  4 starspawn tentacles
  8 tentacles
1530 creatures vanquished.

Vanquished Creatures (collateral kills)
  A manticore (D:14)
  A redback (Spider:4)
  A scorpion (D:14)
3 creatures vanquished.

Vanquished Creatures (others)
  An ironheart preserver (Vaults:4)
  An orb spider (Spider:1)
  3 polar bears (IceCv)
  A hippogriff (Shoals:4)
  A tarantella (Spider:4)
  3 yaks (IceCv)
  A neqoxec (Abyss:2)
  A warg (shapeshifter) (Vaults:3)
  3 wolves (IceCv)
  2 bushes (Shoals:1)
  21 fungi (Lair:6)
  30 plants
  8 starspawn tentacles
  14 tentacles
  8 toadstools (Lair:1)
98 creatures vanquished.

Grand Total: 1631 creatures vanquished

Notes
Turn   | Place    | Note
-------+----------+-------------------------------------------
     0 | D:1      | MirrMurr the Demonspawn Berserker began the quest for the
                  | Orb.
     0 | D:1      | Reached XP level 1. HP: 18/18 MP: 1/1
   341 | D:1      | Gained mutation: You are immune to rotting. [demonic
                  | ancestry]
   341 | D:1      | Reached XP level 2. HP: 12/24 MP: 2/2
  1424 | D:2      | Gained mutation: You may emit foul miasma when damaged in
                  | melee. [demonic ancestry]
  1424 | D:2      | Reached XP level 3. HP: 29/29 MP: 3/3
  1533 | D:2      | Gained mutation: You have a pair of small antennae on your
                  | head. [demonic ancestry]
  1533 | D:2      | Reached XP level 4. HP: 20/35 MP: 4/4
  2186 | D:2      | Noticed Jessica
  2199 | D:2      | Killed Jessica
  2245 | D:2      | Gained mutation: You are partially covered in sharp spines.
                  | [demonic ancestry]
  2245 | D:2      | Reached XP level 5. HP: 42/42 MP: 5/5
  2313 | D:2      | Reached ** piety under Trog
  3658 | D:4      | Reached skill level 4 in Fighting
  3778 | D:4      | Found an opulent altar of Gozag.
  3784 | D:4      | Found Gozag's Platinum Reserve.
  3810 | D:4      | Noticed Menkaure
  3825 | D:4      | Killed Menkaure
  3825 | D:4      | Gained mutation: You are mostly covered in sharp spines.
                  | [demonic ancestry]
  3825 | D:4      | Reached XP level 6. HP: 18/48 MP: 6/6
  4042 | D:4      | Found a sparkling altar of Nemelex Xobeh.
  4197 | D:4      | Noticed Blork the orc
  4224 | D:4      | Killed Blork the orc
  4224 | D:4      | Reached skill level 5 in Polearms
  4224 | D:4      | Reached XP level 7. HP: 47/55 MP: 7/7
  4383 | D:4      | Reached *** piety under Trog
  5052 | D:5      | Entered Level 5 of the Dungeon
  5052 | D:5      | Noticed Grinder
  5448 | D:5      | Killed Grinder
  5448 | D:5      | Reached skill level 5 in Fighting
  5473 | D:5      | Gained mutation: You have a pair of antennae on your head.
                  | [demonic ancestry]
  5473 | D:5      | Reached XP level 8. HP: 45/62 MP: 8/8
  6013 | D:6      | Found Byix's Gadget Boutique.
  6077 | D:6      | Reached **** piety under Trog
  6662 | D:6      | Found a staircase to the Ecumenical Temple.
  6681 | Temple   | Entered the Ecumenical Temple
  6788 | D:6      | Reached skill level 6 in Fighting
  6788 | D:6      | Reached skill level 5 in Armour
  7011 | D:7      | Noticed Maggie
  7030 | D:7      | Killed Maggie
  7030 | D:7      | Reached skill level 5 in Dodging
  7030 | D:7      | Gained mutation: You are partially covered in iridescent
                  | scales. (AC +2) [demonic ancestry]
  7030 | D:7      | Reached XP level 9. HP: 69/69 MP: 9/9
  7557 | D:7      | Found the +10 tower shield of Ignorance {rN+ Int-4}
  7562 | D:7      | Found a runed translucent door.
  7587 | D:7      | Found a runed translucent door.
  7596 | D:7      | Noticed an orange crystal statue
  8146 | D:8      | Reached skill level 7 in Fighting
  8149 | D:8      | Reached ***** piety under Trog
  8149 | D:8      | Received a gift from Trog
  8160 | D:8      | Found Aseirchu's Antique Weapon Emporium.
  8203 | D:8      | Gained mutation: You have a pair of large antennae on your
                  | head. (SInv) [demonic ancestry]
  8203 | D:8      | Reached XP level 10. HP: 77/79 MP: 10/10
  8906 | D:9      | Noticed Grum
  8914 | D:9      | Killed Grum
  8961 | D:9      | Noticed Gastronok
  8983 | D:9      | Killed Gastronok
  9052 | D:9      | Reached skill level 8 in Fighting
  9052 | D:9      | Reached skill level 10 in Polearms
  9233 | D:9      | Found a staircase to the Orcish Mines.
  9724 | D:10     | Entered Level 10 of the Dungeon
  9724 | D:10     | Noticed Erolcha
  9738 | D:10     | Killed Erolcha
  9738 | D:10     | Gained mutation: You are mostly covered in iridescent
                  | scales. (AC +4) [demonic ancestry]
  9738 | D:10     | Reached XP level 11. HP: 86/87 MP: 11/11
  9864 | D:10     | Noticed a two-headed ogre
  9874 | D:10     | Killed a two-headed ogre
  9897 | D:10     | Found Aphou's Assorted Antiques.
  9921 | D:10     | Noticed Erica
  9938 | D:10     | Killed Erica
 10073 | D:10     | You fall into a shaft and drop 3 floors!
 10097 | D:12     | Noticed an unseen horror
 10112 | D:12     | Killed an unseen horror
 10379 | D:12     | Noticed a death knight
 10380 | D:12     | Noticed a two-headed ogre
 10473 | D:12     | Killed a death knight
 10808 | D:12     | Noticed Sonja
 10826 | D:12     | Killed Sonja
 10826 | D:12     | Reached skill level 9 in Fighting
 11098 | D:12     | Noticed a green ugly thing
 11122 | D:12     | Killed a green ugly thing
 11435 | D:11     | Noticed a two-headed ogre
 11473 | D:11     | Killed a two-headed ogre
 11481 | D:11     | Received a gift from Trog
 11765 | D:10     | Found Puzein Nogh's Antique Weapon Boutique.
 11819 | D:10     | Noticed an unseen horror
 11829 | D:10     | Killed an unseen horror
 11862 | D:10     | Reached XP level 12. HP: 93/96 MP: 12/12
 11918 | D:10     | Noticed a centaur warrior
 11933 | D:10     | Killed a centaur warrior
 11986 | D:10     | Noticed a two-headed ogre
 11986 | D:10     | an elephant changed into a two-headed ogre
 11993 | D:10     | Killed a two-headed ogre
 12681 | D:10     | Noticed a two-headed ogre
 12695 | D:10     | Killed a two-headed ogre
 13288 | D:11     | Noticed Urug
 13308 | D:11     | Killed Urug
 13362 | D:11     | Found a staircase to the Lair.
 13376 | D:11     | Reached skill level 1 in Shields
 13504 | D:11     | Noticed an eight-headed hydra
 13516 | D:11     | Killed an eight-headed hydra
 13516 | D:11     | Reached skill level 10 in Fighting
 14196 | D:11     | Found a hide-covered altar of Uskayaw.
 14374 | Lair:1   | Entered Level 1 of the Lair of Beasts
 14506 | Lair:1   | Noticed Fannar
 14523 | Lair:1   | Killed Fannar
 14538 | Lair:1   | Noticed an eight-headed hydra
 14551 | Lair:1   | Killed an eight-headed hydra
 14820 | Lair:1   | Found the +9 sword of Zonguldrok {reap}
 14839 | Lair:1   | Found a runed translucent door.
 15785 | Lair:2   | Gained mutation: You are completely covered in iridescent
                  | scales. (AC +6) [demonic ancestry]
 15785 | Lair:2   | Reached XP level 13. HP: 104/104 MP: 13/13
 16387 | Lair:3   | Found a hole to the Spider Nest.
 16425 | Lair:3   | Received a gift from Trog
 17157 | Lair:4   | Reached skill level 11 in Fighting
 17227 | Lair:4   | Got a scorched hunting sling
 17227 | Lair:4   | Identified the +1 hunting sling of Uschiutho {venom, rN+
                  | Dex+4} (You found it on level 4 of the Lair of Beasts)
 17397 | Lair:4   | Noticed Rupert
 17402 | Lair:4   | Paralysed by Rupert for 4 turns
 18054 | Lair:4   | Found a staircase to the Shoals.
 18082 | Lair:4   | Paralysed by Rupert for 4 turns
 18332 | Lair:4   | Killed Rupert
 18332 | Lair:4   | Reached skill level 5 in Shields
 18932 | Lair:6   | Entered Level 6 of the Lair of Beasts
 18932 | Lair:6   | Found a viscous altar of Jiyva.
 18932 | Lair:6   | Found a staircase to the Slime Pits.
 19397 | Lair:6   | Reached skill level 12 in Fighting
 19589 | Lair:6   | Reached XP level 14. HP: 116/116 MP: 14/14
 19747 | Lair:6   | Found a dark tunnel.
 20614 | D:12     | Received a gift from Trog
 20840 | D:12     | Noticed Azrael
 20911 | D:12     | Killed Azrael
 20911 | D:12     | Reached skill level 13 in Fighting
 21882 | D:13     | Found a gate to the Vaults.
 22767 | D:14     | Received a gift from Trog
 23246 | D:15     | Entered Level 15 of the Dungeon
 23708 | D:15     | Reached skill level 14 in Fighting
 23959 | D:15     | Gained mutation: You are completely covered in sharp
                  | spines. [demonic ancestry]
 23959 | D:15     | Reached XP level 15. HP: 126/126 MP: 15/15
 24037 | D:15     | Found a staircase to the Depths.
 24037 | D:15     | Noticed a fire giant
 24055 | D:15     | Killed a fire giant
 24782 | Orc:1    | Entered Level 1 of the Orcish Mines
 24782 | Orc:1    | Noticed an orc warlord
 24837 | D:9      | Received a gift from Trog
 24900 | D:9      | Killed an orc warlord
 25133 | Orc:1    | Noticed Jorgrun
 25160 | Orc:1    | Killed Jorgrun
 25398 | Orc:1    | Noticed Maurice
 25406 | Orc:1    | Killed Maurice
 25764 | Orc:2    | Entered Level 2 of the Orcish Mines
 25836 | Orc:2    | Noticed Snorg
 25856 | Orc:2    | Killed Snorg
 25856 | Orc:2    | Reached skill level 10 in Shields
 25915 | Orc:2    | Received a gift from Trog
 25922 | Orc:2    | Found Typh's Book Boutique.
 25924 | Orc:2    | Found a frozen archway.
 25934 | IceCv    | Entered an ice cave
 26785 | IceCv    | Noticed a frost giant
 26819 | IceCv    | Killed a frost giant
 26819 | IceCv    | Reached skill level 10 in Armour
 26821 | IceCv    | Reached skill level 15 in Fighting
 26875 | IceCv    | Identified the Papyrus of Ice
 27283 | Orc:2    | Bought a manual of Shields for 1104 gold pieces
 27291 | Orc:2    | Found a staircase to the Elven Halls.
 27502 | Orc:2    | HP: 2/129 [smoke demon/divine providence[an orc high
                  | priest] (15)]
 27505 | Orc:2    | Found Puelacw's Antique Weapon Shoppe.
 27506 | Orc:2    | Found Juopuiqu's Book Shop.
 27944 | Orc:2    | Reached skill level 10 in Dodging
 28015 | Orc:2    | Paralysed by an orc sorcerer for 4 turns
 28034 | Orc:2    | Received a gift from Trog
 28057 | Orc:2    | Found Exefrase's Jewellery Shoppe.
 28058 | Orc:2    | Found Wiwnog's Book Shop.
 28082 | Orc:2    | Bought the amulet "Ehilur" {Acrobat rElec rPois rN+ Str+3}
                  | for 645 gold pieces
 28329 | Spider:1 | Entered Level 1 of the Spider Nest
 28500 | Spider:1 | Noticed a ghost moth
 28611 | Lair:2   | HP: 6/129 [poisoned by a redback]
 29194 | Lair:3   | Found the +8 whip "Snakebite" {curare, rPois}
 29342 | Spider:1 | Received a gift from Trog
 29365 | Spider:1 | Noticed a ghost moth
 29379 | Spider:1 | Killed a ghost moth
 29379 | Spider:1 | Reached XP level 16. HP: 123/136 MP: 0/16
 30171 | Spider:1 | Upgraded the game from 0.25-a0-829-g4e6a552925 to
                  | 0.25-a0-834-g55863b0b92
 30340 | Spider:2 | Reached skill level 16 in Fighting
 30397 | Spider:2 | Received a gift from Trog
 31131 | D:10     | Bought a potion of haste for 260 gold pieces
 31131 | D:10     | Bought a scroll of enchant weapon for 195 gold pieces
 31131 | D:10     | Bought a scroll of identify for 52 gold pieces
 31131 | D:10     | Bought a scroll labeled ECEATWUKLE for 26 gold pieces
 32411 | Spider:4 | Entered Level 4 of the Spider Nest
 32472 | Spider:4 | Noticed Asterion
 32500 | Spider:4 | Killed Asterion
 32866 | Spider:4 | Received a gift from Trog
 33073 | Spider:4 | Gained mutation: Your flesh is heat resistant. (rF+)
                  | [demonic ancestry]
 33073 | Spider:4 | Reached XP level 17. HP: 143/146 MP: 17/17
 33106 | Spider:4 | Reached skill level 17 in Fighting
 33388 | Spider:4 | Received a gift from Trog
 33484 | Spider:4 | Got a gossamer rune of Zot
 34020 | D:10     | Bought a polished hunting sling for 130 gold pieces
 34020 | D:10     | Identified the +9 hunting sling "Kalo" {flame, rN+ Dex+5}
                  | (You bought it in a shop on level 10 of the Dungeon)
 34153 | Shoals:1 | Entered Level 1 of the Shoals
 34930 | Shoals:1 | You fall into a shaft and drop 1 floor!
 35005 | Shoals:1 | Noticed a kraken
 35028 | Shoals:1 | Killed a kraken
 35204 | Shoals:1 | Identified a scroll of acquirement
 35205 | Shoals:1 | Identified the +9 trident "Jidwor" {vorpal, rF+ Str+2
                  | Stlth+} (You acquired it on level 1 of the Shoals)
 35205 | Shoals:1 | Identified the ring of Reimbursement {rF+ Stlth+} (You
                  | acquired it on level 1 of the Shoals)
 35256 | Shoals:1 | You fall into a shaft and drop 1 floor!
 35257 | Shoals:2 | Noticed a kraken
 35298 | Shoals:2 | Killed a kraken
 35655 | Shoals:2 | Received a gift from Trog
 36170 | Shoals:2 | Noticed Polyphemus
 36464 | Shoals:2 | Killed Polyphemus
 36993 | Shoals:3 | Reached skill level 18 in Fighting
 37075 | Shoals:3 | Found a flickering gateway to a bazaar.
 37092 | Bazaar   | Entered a bazaar
 37105 | Bazaar   | Found Terodox's Weapon Emporium.
 37105 | Bazaar   | Found Osagow's Armour Emporium.
 37141 | Bazaar   | Found Otilaize's Armour Shoppe.
 37141 | Bazaar   | Found Qicwokha's General Store.
 37159 | Bazaar   | Bought a potion of might for 36 gold pieces
 37159 | Bazaar   | Bought a scroll of enchant weapon for 67 gold pieces
 37159 | Bazaar   | Bought a scroll of identify for 18 gold pieces
 37365 | Shoals:3 | Found a hazy altar of Hepliaklqana.
 37795 | Shoals:3 | Received a gift from Trog
 38059 | Shoals:4 | Entered Level 4 of the Shoals
 38185 | Shoals:4 | Reached XP level 18. HP: 157/157 MP: 18/18
 38323 | Shoals:4 | HP: 2/157 [merfolk javelineer/javelin (24)]
 38689 | Shoals:4 | Got a barnacled rune of Zot
 38778 | Shoals:4 | Identified the +8 falchion of Kixol {vorpal, Int+2}
 39187 | Shoals:4 | Received a gift from Trog
 40397 | Vaults:1 | Entered Level 1 of the Vaults
 40535 | Vaults:1 | Found Widye's Book Emporium.
 40873 | D:13     | Received a gift from Trog
 41102 | D:13     | Reached skill level 19 in Fighting
 41765 | Vaults:1 | Cast into level 2 of the Abyss (a deep elf sorcerer)
 41920 | Abyss:2  | Noticed a profane servitor
 41952 | Abyss:2  | Killed a profane servitor
 41979 | Abyss:2  | Reached skill level 15 in Shields
 42029 | Abyss:2  | Received a gift from Trog
 42084 | Abyss:2  | Noticed a profane servitor
 42116 | Abyss:2  | Killed a profane servitor
 42116 | Abyss:2  | Gained mutation: You frequently emit foul miasma when
                  | damaged in melee. [demonic ancestry]
 42116 | Abyss:2  | Reached XP level 19. HP: 142/167 MP: 19/19
 42222 | Abyss:2  | Lost intelligence.
 42326 | Abyss:2  | Found a corrupted altar of Lugonu.
 42668 | Abyss:2  | Noticed a hellephant
 42689 | Abyss:2  | Received a gift from Trog
 42744 | Abyss:2  | Killed a hellephant
 42862 | Abyss:2  | Noticed a profane servitor
 42890 | Abyss:2  | Killed a profane servitor
 42996 | Abyss:3  | Found a hazy altar of Hepliaklqana.
 43262 | Abyss:3  | Got an abyssal rune of Zot
 43335 | Abyss:3  | Reached skill level 20 in Fighting
 43538 | Vaults:1 | Escaped the Abyss
 43560 | Vaults:1 | Received a gift from Trog
 43573 | Vaults:1 | Found Sietaela's Antique Weapon Emporium.
 44077 | Vaults:1 | Found a stormy altar of Qazlal.
 44473 | Vaults:2 | Found Vine's Antique Armour Shop.
 44795 | Vaults:2 | Received a gift from Trog
 44868 | Vaults:2 | Gained mutation: You are immune to clouds of flame.
                  | [demonic ancestry]
 44868 | Vaults:2 | Reached XP level 20. HP: 27/178 MP: 20/20
 45297 | Vaults:2 | You fall into a shaft and drop 1 floor!
 45376 | Vaults:3 | Noticed Sojobo
 45567 | Vaults:3 | Found a portal to a secret trove of treasure.
 46533 | Vaults:2 | Found a staircase to the Crypt.
 46837 | Vaults:2 | Received a gift from Trog
 47506 | Vaults:3 | Killed Sojobo
 47510 | Vaults:3 | Received a gift from Trog
 48230 | Vaults:3 | Reached skill level 21 in Fighting
 48282 | Vaults:3 | Received a gift from Trog
 48296 | Vaults:3 | Paralysed by an ogre mage for 7 turns
 49309 | Vaults:4 | Found Xouxamut's Weapon Shop.
 49445 | Vaults:4 | Paralysed by a sphinx for 7 turns
 49672 | Vaults:4 | Noticed Mennas
 49681 | Vaults:4 | Received a gift from Trog
 49717 | Vaults:4 | Slain by Mennas

Levels and vault maps discovered:
D:1:      scummos_arrival_forest, layout_loops_corners
D:2:      layout_basic, uniq_jessica
D:3:      layout_basic
D:4:      layout_basic, nemelex_xobeh_ov_fountains_minmay, first_ration,
          nicolae_gozag_zags_fifth_avenue, uniq_blork_the_orc, uniq_menkaure
D:5:      layout_layer_cave, hangedman_abyss_or_decor_stabs, uniq_grinder
D:6:      layout_basic, minmay_temple_entry_sparse_star, serial_shops, shop
D:7:      layout_gridville, grunt_livestock, chequers_guarded_unrand_ignorance,
          uniq_maggie
D:8:      layout_basic, serial_shops, shop_statue
D:9:      layout_roguey, david_orc_4, bh_walls_and_bars, uniq_grum,
          uniq_gastronok
D:10:     minmay_curly_fans, layout_basic, serial_shops, kennysheep_mini, shop,
          small_statue_intersection, uniq_erica, uniq_erolcha
D:11:     layout_irregular_city, erik_lair_orcish_takeover,
          david_defended_altar_elf, uniq_urug
D:12:     layout_cave_pods, uniq_sonja, uniq_azrael
D:13:     minmay_tri_box, layout_long_grid, david_vaults_5,
          kennysheep_generic_room_11
D:14:     layout_basic, minmay_misc_feat_tiny
D:15:     grunt_enter_depths_giant_problem, layout_irregular_city
Temple:   dpeg_three_leaves_temple
Lair:1:   gammafunk_lair_enchanted_lake, layout_chaotic_city, uniq_fannar
Lair:2:   layout_long_grid
Lair:3:   minmay_guarded_unrand_snakebite, layout_gridlike, spider_nest_entry_a,
          nicolae_quartered_pool_super, chequers_serial_rivers_small_a,
          beast_lair_carwin_1, infiniplex_staircase_pool, grunt_megastairs_1,
          serial_bayou_shore_b, serial_bayou_shore_a
Lair:4:   layout_regular_city, minmay_shoals_entry_lonely_mermaid, uniq_rupert
Lair:5:   layout_hall_layers
Lair:6:   gammafunk_lair_ancient_temple, layout_regular_city, slime_altar_1,
          lightli_volcano_entry_magma_tube
Shoals:1: layout_shoals, yaktaur_hedge
Shoals:2: layout_shoals, uniq_polyphemus
Shoals:3: layout_shoals, serial_shops, bzr_firewalk, lemuel_oklob_altar
Shoals:4: shoals_end_simple, layout_shoals
Spider:1: layout_spider_delve
Spider:2: layout_spider_delve
Spider:3: layout_chambers
Spider:4: grunt_spider_rune_circles, uniq_asterion
Orc:1:    layout_caves, uniq_jorgrun, uniq_maurice
Orc:2:    st_orc_elflike, layout_caves, serial_shops, shop,
          portal_ice_cave_entry_pillars_2, uniq_snorg
Vaults:1: vaults_standard_mumra_x, v_misc_17, v_rooms_2, ontoclasm_vaults_twist,
          ontoclasm_vaults_ring_small, vaults_standard_mumra_enter_the_diamond,
          nicolae_vaults_windows_and_doors_thing, layout_vaults_big_room,
          serial_shops, nicolae_shop_trees, shop, basic_altar
Vaults:2: minmay_crypt_entry_simple_round, nicolae_vaults_network_quinsquares
          [nicolae_vaults_network_quincunx_subvault,
          nicolae_vaults_network_quincunx_subvault,
          nicolae_vaults_network_quincunx_subvault,
          nicolae_vaults_network_quincunx_subvault], v_misc_3,
          nicolae_vaults_asterisk, v_misc_26, nicolae_vaults_diagonal_hallway_7,
          ontoclasm_vaults_pinch, nicolae_vaults_holding_cells, v_misc_29,
          ontoclasm_vaults_decontamination, hangedman_vaults_cutoff,
          v_alt_pattern_1, layout_vaults_omnibox, serial_shops, shop
Vaults:3: vaults_dpeg_doors, ontoclasm_vaults_spin, vaults_mumra_hexcomb,
          v_misc_3, vaults_room_stairs_pillars, vaults_room_pools,
          layout_vaults_omnigrid, nicolae_trove_entry_crossroad, uniq_sojobo
Vaults:4: vaults_dpeg_cross, grunt_tower_of_power, hangedman_vaults_variations,
          nicolae_vaults_diagonal_hallway_8, v_pattern_4, vaults_mumra_hex,
          hangedman_vaults_nails, grunt_vaults_twisty, v_rooms_3,
          vaults_room_stairs_pillars, vaults_room_hallway,
          ontoclasm_vaults_ring_large, vaults_room_semicircle,
          layout_vaults_maze_bifur, serial_shops, shop,
          nicolae_shop_statue_plus, uniq_mennas, uniq_donald, uniq_frederick,
          uniq_margery, uniq_boris

Skill      XL: |  1  2  3  4  5  6  7  8  9 10 11 12 13 14 15 16 17 18 19 20 |
---------------+-------------------------------------------------------------+-----
Armour         | 2 3 4 5 6 7 8 9 10 11 12 13 14 | 14.7
Dodging        | 2 3 4 5 6 7 8 9 10 11 12 13 14 | 14.6
Polearms       | 3 4 5 6 7 8 10 11 13 14 | 14.0
Fighting       | 4 5 6 7 8 9 10 12 14 15 16 18 19 20 21 | 21.3
Shields        | 3 7 9 11 12 14 15 16 | 16.2

Action                   |  1- 3 |  4- 6 |  7- 9 | 10-12 | 13-15 | 16-18 | 19-21 || total
-------------------------+-------+-------+-------+-------+-------+-------+-------++-------
Melee: Spear             |   110 |   113 |    52 |       |       |       |       ||   275
       Trident           |       |       |   230 |   724 |       |       |       ||   954
       Demon trident     |       |       |       |   172 |  2028 |  2318 |  1506 ||  6024
 Fire: Hunting sling     |       |    65 |   165 |   115 |   155 |   181 |       ||   681
Throw: Javelin           |       |       |       |       |     2 |     5 |       ||     7
Invok: Berserk           |     2 |     3 |     4 |     9 |     5 |     1 |       ||    24
       Trog's Hand       |       |     1 |     3 |     8 |     3 |     3 |     4 ||    22
       Brothers in Arms  |       |       |       |       |     1 |     1 |     1 ||     3
Evoke: Wand              |       |       |       |     3 |     4 |     2 |       ||     9
  Use: Scroll            |     4 |     5 |     4 |    10 |    14 |    20 |     8 ||    65
       Potion            |       |       |       |     7 |     4 |     2 |       ||    13
 Stab: Held in net/web   |       |       |       |       |       |     2 |       ||     2
       Distracted        |       |       |       |       |       |     1 |       ||     1
       Petrified         |       |       |       |       |       |     6 |       ||     6
  Eat: Chunk             |     3 |    11 |    18 |    41 |    47 |    39 |    21 ||   180
       Ration            |       |       |       |     3 |       |     1 |     2 ||     6
Armor: Leather armour    |    23 |    21 |       |       |       |       |       ||    44
       Scale mail        |       |     5 |     9 |       |       |       |       ||    14
       Chain mail        |       |       |    63 |       |       |       |       ||    63
       Acid dragon scale |       |       |    43 |       |       |       |       ||    43
       Plate armour      |       |       |       |   307 |   417 |   509 |   316 ||  1549
Dodge: Dodged            |    52 |    50 |   134 |   219 |   208 |   363 |   281 ||  1307
Block: Tower shield      |       |       |       |   267 |  1725 |  2483 |  1482 ||  5957

Table legend:
 A = Non-vault XP
 B = Vault XP
 C = Vault XP percentage of total XP
 D = Non-vault monster count
 E = Vault monster count
 F = Vault count percentage of total count
                 A         B        C        D         E       F
            +---------+---------+-------+---------+---------+-------
      Total |  385065 |  189602 |  33.0 |    1136 |     389 |  25.5
            +---------+---------+-------+---------+---------+-------
        D:1 |      30 |       0 |   0.0 |      20 |       0 |   0.0
        D:2 |     132 |      37 |  21.9 |      20 |       1 |   4.8
        D:3 |      97 |       0 |   0.0 |      21 |       0 |   0.0
        D:4 |     336 |     274 |  44.9 |      26 |       2 |   7.1
        D:5 |     379 |     277 |  42.2 |      22 |       1 |   4.3
        D:6 |    1185 |       0 |   0.0 |      37 |       0 |   0.0
        D:7 |     461 |    1351 |  74.6 |      21 |       6 |  22.2
        D:8 |    1893 |       0 |   0.0 |      36 |       0 |   0.0
        D:9 |    3666 |    3513 |  48.9 |      31 |      20 |  39.2
       D:10 |    4198 |    4281 |  50.5 |      20 |       6 |  23.1
       D:11 |    4230 |    1983 |  31.9 |      31 |      11 |  26.2
       D:12 |    8193 |    3384 |  29.2 |      34 |       9 |  20.9
       D:13 |   10380 |   12356 |  54.3 |      37 |      26 |  41.3
       D:14 |    3522 |       0 |   0.0 |      13 |       0 |   0.0
       D:15 |   12766 |    1599 |  11.1 |      28 |       1 |   3.4
     Lair:1 |    2088 |    4153 |  66.5 |       7 |      10 |  58.8
     Lair:2 |    4318 |       0 |   0.0 |      21 |       0 |   0.0
     Lair:3 |    9008 |    6372 |  41.4 |      25 |      22 |  46.8
     Lair:4 |    1659 |    3604 |  68.5 |       7 |       2 |  22.2
     Lair:5 |    1417 |       0 |   0.0 |       7 |       0 |   0.0
     Lair:6 |    8210 |   10243 |  55.5 |      32 |      29 |  47.5
   Shoals:1 |   14671 |    2134 |  12.7 |      27 |       3 |  10.0
   Shoals:2 |   16724 |    4718 |  22.0 |      33 |       4 |  10.8
   Shoals:3 |   13338 |     527 |   3.8 |      26 |       1 |   3.7
   Shoals:4 |   12815 |   25943 |  66.9 |      30 |      41 |  57.7
   Spider:1 |   18640 |       0 |   0.0 |      41 |       0 |   0.0
   Spider:2 |   16472 |       0 |   0.0 |      41 |       0 |   0.0
   Spider:3 |    9611 |       0 |   0.0 |      23 |       0 |   0.0
   Spider:4 |   17568 |   23998 |  57.7 |      55 |      38 |  40.9
      Orc:1 |    1914 |    3594 |  65.3 |      40 |       2 |   4.8
      Orc:2 |    2475 |    7901 |  76.1 |      16 |      24 |  60.0
   Vaults:1 |   35375 |   12594 |  26.3 |      67 |      22 |  24.7
   Vaults:2 |   25095 |   16734 |  40.0 |      43 |      30 |  41.1
   Vaults:3 |   42945 |   11712 |  21.4 |      72 |      10 |  12.2
   Vaults:4 |   13211 |    5988 |  31.2 |      23 |       5 |  17.9
    Abyss:2 |   47323 |       0 |   0.0 |      73 |       0 |   0.0
    Abyss:3 |   18720 |    7660 |  29.0 |      30 |      16 |  34.8
      IceCv |       0 |   12672 | 100.0 |       0 |      47 | 100.0
            +---------+---------+-------+---------+---------+-------
